Map: Odyssee LE

Players

Gialluca - Winner!

  • Race: Protoss Protoss
  • League: Diamond
  • Spawn Location: 5:00

Panda

  • Race: Zerg Zerg
  • League: Diamond
  • Spawn Location: 11:00

VOD

Have the link to the VOD?

Description

Time

  • Played on: Sept. 9, 2017, 5:31 p.m.
  • Length: 7:59
Show
View Real Time Build Order
Export as new Build Order

Gialluca Protoss - Winner!

Build Orders: 1 Gate Expand 

Get SALT Encoding   

  12  0:01  Probe (Chrono Boost)  
  13  0:11  Probe (Chrono Boost)  
  14  0:19  Pylon  
  14  0:23  Probe (Chrono Boost)  
  15  0:37  Probe (Chrono Boost)  
  15  0:42  Gateway  
  16  0:47  Probe (Chrono Boost)  
  17  0:58  Probe (Chrono Boost)  
  18  1:08  Probe (Chrono Boost)  
  19  1:16  Nexus  
  19  1:20  Probe (Chrono Boost)  
  20  1:32  Cybernetics Core  
  20  1:36  Probe (Chrono Boost)  
  20  1:38  Assimilator  
  21  1:42  Assimilator  
  21  1:48  Pylon  
  21  1:55  Pylon  
  21  1:56  Zealot (Chrono Boost)  
  23  2:01  Probe  
  23  2:16  Probe  
  23  2:21  Adept (Chrono Boost)  
  26  2:28  Probe  
  26  2:29  Gateway  
  27  2:30  Mothership Core  
  29  2:42  Pylon  
  29  2:51  Probe  
  29  2:52  Adept (Chrono Boost)  
  31  3:04  Probe  
  32  3:17  Adept (Chrono Boost)  
  32  3:29  Probe x2  
  29  3:41  Probe  
  29  3:42  Warp Gate (Chrono Boost)  
  29  3:47  Probe  
  30  3:53  Probe  
  35  3:59  Gateway  
  33  4:08  Adept (Chrono Boost)  
  28  4:11  Pylon  
  21  4:17  Pylon  
  21  4:18  Pylon  
  21  4:22  Probe  
  11  4:55  Probe (Chrono Boost)  
  11  4:56  Probe (Chrono Boost)  
  13  5:05  Adept  
  13  5:08  Probe (Chrono Boost)  
  13  5:12  Probe (Chrono Boost)  
  15  5:19  Probe (Chrono Boost)  
  16  5:29  Probe (Chrono Boost)  
  14  5:50  Gateway  
  14  6:05  Pylon  
  14  6:19  Probe x2 (Chrono Boost)  
  16  6:46  Adept  
  16  6:47  Adept  
  16  7:14  Adept x2  
  21  7:15  Probe (Chrono Boost)  
  21  7:31  Probe (Chrono Boost)  
  21  7:32  Probe (Chrono Boost)  
  23  7:45  Stalker  
  25  7:57  Sentry  
Show
View Real Time Build Order
Export as new Build Order

Panda Zerg 

Build Orders: Pool First 

Get SALT Encoding   

  12  0:01  Drone  
  13  0:20  Extractor  
  12  0:25  Spawning Pool  
  11  0:30  Drone  
  11  0:33  Drone  
  13  0:37  Drone  
  14  0:45  Overlord  
  14  1:12  Overlord x2  
  14  1:15  Zergling x2  
  15  1:26  Metabolic Boost  
  15  1:31  Queen  
  17  1:36  Zergling x2  
  17  1:39  Zergling x2  
  19  1:59  Zergling x4  
  21  2:11  Zergling x2  
  22  2:27  Zergling x2  
  24  2:37  Zergling x2  
  24  2:41  Zergling x6  
  26  2:52  Zergling x2  
  26  2:57  Zergling x2  
  25  3:04  Zergling x2  
  25  3:18  Zergling x6  
  27  3:24  Zergling x2  
  24  3:38  Zergling x2  
  25  3:50  Zergling x2  
  22  4:12  Zergling x6  
  22  4:15  Zergling x4  
  25  4:34  Zergling x4  
  25  4:50  Zergling x2  
  24  5:00  Zergling x6  
  27  5:12  Zergling x2  
  26  5:23  Zergling x8  
  28  5:29  Zergling x2  
  28  5:35  Hatchery  
  25  5:44  Zergling x2  
  25  5:54  Zergling x6  
  26  6:00  Zergling x2  
  25  6:16  Zergling x2  
  25  6:17  Zergling x6  
  25  6:33  Zergling x4  
  21  6:57  Queen  
  21  7:00  Drone  
  21  7:01  Drone x5  
  29  7:06  Zergling x2  
  28  7:10  Zergling x2  
  29  7:17  Spine Crawler  
  29  7:19  Spine Crawler, Zergling x2  
  29  7:20  Zergling x8  
  28  7:31  Zergling x2  
  28  7:33  Zergling x2  
Tags
 
Add a new tag
Caveats
  • Supply blocks, unpowered buildings, or Contaminate may cause inaccurate times.
  • Supply counts are checked every 10 seconds.